 Dungeon Crawl Stone Soup version 0.28.0-49-g6dfe1f597d (webtiles) character file.

Game seed: 7358541104181388212

42 Ethylacetat the Shooter (level 3, -1/33 HPs)
             Began as a Naga Hunter on May 20, 2022.
             Slain by Sigmund
             ... wielding a +0 scythe of freezing
              (12 damage)
             ... on level 2 of the Dungeon.
             The game lasted 00:02:38 (1720 turns).

Ethylacetat the Shooter (Naga Hunter)               Turns: 1720, Time: 00:02:44

Health: -1/33      AC:  2    Str: 14    XL:     3   Next: 56%
Magic:  3/3        EV:  9    Int: 11    God:
Gold:   75         SH:  0    Dex: 13    Spells: 2/2 levels left

rFire   . . .      SeeInvis +   b - +0 short sword
rCold   . . .      Faith    .   (no shield)
rNeg    . . .      Spirit   .   c - +0 leather armour
rPois   +          Reflect  .   (no helmet)
rElec   .          Harm     .   (no cloak)
rCorr   .          Rampage  .   (no gloves)
Will    .....                   (no barding)
Stlth   ++........              (no amulet)
HPRegen 0.11/turn               (no ring)
MPRegen 0.08/turn               (no ring)

@: short of breath, very slow
A: AC +1, large, see invisible, deformed body, poison resistance, slowness 2,
spit poison 1, naga tail 1
a: Spit Poison


You were on level 2 of the Dungeon.
You visited 1 branch of the dungeon, and saw 2 of its levels.

You collected 75 gold pieces.

Inventory:

Hand Weapons
 a - a +1 shortbow
 b - a +0 short sword (weapon)
Missiles
 d - 56 arrows
Armour
 c - a +0 leather armour (worn)
Scrolls
 f - 3 scrolls of identify {unknown}
 g - a scroll of teleportation {unknown}
Potions
 e - a potion of curing {unknown}
 h - a potion of heal wounds {unknown}


   Skills:
 + Level 2.6 Fighting
 * Level 4.4 Bows
 - Level 1.5 Dodging
 - Level 1.5 Stealth


You had 2 spell levels left.
You didn't know any spells.
Your spell library was empty.

Dungeon Overview and Level Annotations

Branches:
Dungeon (2/15)

Altars:

Annotations:
D:2 Sigmund


Innate Abilities, Weirdness & Mutations

Your serpentine skin is tough. (AC +1)
You have supernaturally acute eyesight. (SInv)
Armour fits poorly on your strangely shaped body.
Your system is resistant to poisons. (rPois)
You cover ground very slowly.
You can spit poison.
You have a snake-like lower body.


Message History

Press: ? - help, Shift-Dir - straight line, f - you
Okay, then.
Sigmund the Dreaded comes into view.
He is wielding a +0 scythe of freezing.
Aiming: Spit Poison (2% risk of failure)
Press: ? - help, Shift-Dir - straight line, f - goblin
Aim: a goblin, wielding a +0 club (50% to hit)
The splash of poison hits the goblin.
The goblin is poisoned.
You kill the goblin!
You have got your breath back.
Aiming: Spit Poison (2% risk of failure)
Press: ? - help, Shift-Dir - straight line, f - Sigmund
Aim: Sigmund, wielding a +0 scythe of freezing and wearing a +0 robe (54% to hit)
The splash of poison hits Sigmund!
Sigmund is poisoned.
Sigmund is moderately wounded.
Sigmund gestures at you while chanting. The puff of flame hits you.
Sigmund casts a spell.
Sigmund flickers and vanishes for a moment.
You have got your breath back.
Sigmund hits you from afar with a +0 scythe of freezing.
Sigmund freezes you.
Aiming: Spit Poison (2% risk of failure)
Press: ? - help, Shift-Dir - straight line, f/p - Sigmund
Aim: Sigmund, wielding a +0 scythe of freezing and wearing a +0 robe (heavily wounded, slightly transparent, poisoned, 54% to hit)
The splash of poison hits Sigmund!
Sigmund looks even sicker.
Sigmund is severely wounded.
Found 11 gold pieces.
Sigmund hits you with a +0 scythe of freezing!
Sigmund freezes you.
You barely miss Sigmund.
Sigmund is severely wounded.
You have got your breath back.
Sigmund points at you and mumbles some strange words.
You resist with some effort.
Aiming: Spit Poison (2% risk of failure)
Press: ? - help, Shift-Dir - straight line, f/p - Sigmund
Aim: Sigmund, wielding a +0 scythe of freezing and wearing a +0 robe (almost dead, slightly transparent, very poisoned, 54% to hit)
The splash of poison misses Sigmund.
Sigmund hits you with a +0 scythe of freezing!
You die...

....... .#...
....... ....
$...... #...####
.......##.......#
..............#.#
................#
....).@.....#...
....#.@......#
..........#...#
.....#....#...#
.... #.#......#
... #.#..#...# ##
#.#..#...#
#.#..#...#
#.####..####.## #
#..............


You could see Sigmund (invisible, poisoned).

Vanquished Creatures
  A dart slug (D:1)
  4 bats (D:1)
  2 endoplasms (D:1)
  2 giant cockroaches (D:1)
  3 goblins
  7 hobgoblins (D:1)
  5 kobolds (D:1)
  A quokka (D:1)
  3 ball pythons (D:1)
  4 frilled lizards (D:1)
  3 rats (D:1)
35 creatures vanquished.

Vanquished Creatures (others)
  4 plants (D:1)
4 creatures vanquished.

Grand Total: 39 creatures vanquished

Notes
Turn   | Place    | Note
-------+----------+-------------------------------------------
     0 | D:1      | Ethylacetat the Naga Hunter began the quest for the Orb.
     0 | D:1      | Reached XP level 1. HP: 19/19 MP: 1/1
   211 | D:1      | Reached XP level 2. HP: 22/26 MP: 2/2
   405 | D:1      | Reached skill level 4 in Bows
   660 | D:1      | Reached XP level 3. HP: 31/33 MP: 3/3
  1708 | D:2      | Noticed Sigmund
  1720 | D:2      | Slain by Sigmund

Illustrated notes

Levels and vault maps discovered:
D:1:      tarquinn_simple_flora_water_b, layout_loops_ring,
          serial_co_window_serial, co_window_paths_a, co_window_paths_a,
          co_window_paths_a, co_window_paths_b, co_window_of_opportunity_a,
          co_window_paths_b, co_window_2corner, co_window_broadway_a,
          co_window_broadway_c, co_window_unsneaky_path_b, co_window_2corner,
          co_window_unsneaky_path_c, glass_columns_a, glass_columns_a,
          glass_columns_a, glass_columns_c, minmay_misc_feat_ornament,
          minmay_pentomino_q4
D:2:      layout_basic, shapermc_ecumenical_altar_rom_forum, uniq_natasha,
          uniq_sigmund, uniq_terence

Skill      XL: |  1  2 |
---------------+-------+-----
Bows           | 4 |  4.4
Fighting       | |  2.6
Dodging        | |  1.5
Stealth        | |  1.5

Action                   || total
-------------------------++-------
Melee: Short sword       ||    64
 Abil: Spit Poison       ||    23
Armor: Leather armour    ||    16
Dodge: Dodged            ||    34
